← All builds
Front / Cortex / Economy first / OBSERVED BUILD

Standard front

Cortex Front build order · Supreme Isthmus

Standard economy-first Front play: Bot Lab immediately, Advanced Metal Extractor around 9:23, then a mixed Thug/Grunt/Aggravator army sent up to defend the wider gap and move to middle as a line.

#eco #team support · 450 distinct matches · 138 players · 65% of Cortex Front games · team won 51% of 467 · Recently observed

HOW TO PLAY IT

Key timing: Bot Lab by 0:40

  1. Open 2 mex into early Bot Lab.
  2. Finish Bot Lab and start Thug, Grunt, Aggravator mix.
  3. Send first units to coast to stop leaks, not straight to mid.
  4. Transition into Advanced Metal Extractor as eco scales.
  5. Move units up as a line toward middle to hold the wider gap.

Phase by phase

TYPICAL OF ITS 450 GAMES
  1. 1
  2. 2
  3. 3
PLAY THE OPENING

Follow the example game's first 6:00 step by step: what to build now, what comes next, and where it goes. At 1× it keeps pace with your own game.

  1. 1

    Up to the Bot Lab

    Economy
    • Metal Extractor2Mex
    Order
    1. Bot LabBot Lab after 2 mexdone ~0:40, middle half 0:34–0:46

    Some games also: wind (41%)

    By 0:23 in all: 2 mex

    The example game in this phase · 2 steps
    1. Mex ×3
    2. Bot LabBot Labdone 0:46 · typical 0:40
  2. 2

    Bot Lab to 5:00

    Economy
    • Metal Extractor4Mex
    • Wind Turbine4Wind
    Builders
    • Construction Bot3 Con bot
    • Graverobber2 Graverobber
    Army
    • Guard2 Guard
    • Thug9 Thug
    • Aggravator5 Aggravator
    • Grunt4 Grunt

    Some games also: con turret (45%) · Radar Tower (34%)

    By 5:00 in all: 6 mex · 5 wind

    The example game in this phase · 40 steps
    1. Windfor Pond
    2. GruntGrunt ×4
    3. Wind ×2for Pond
    4. GruntGrunt
    5. Windfor Pond
    6. GraverobberGraverobber
    7. Wind ×2for Pond
    8. Construction BotCon bot
    9. GruntGrunt ×5
    10. GraverobberGraverobber
    11. Con turret
    12. ThugThug ×2
    13. AggravatorAggravator ×2
    14. Wind
    15. AggravatorAggravator ×2
    16. Mex
    17. AggravatorAggravator
    18. Wind
    19. ThugThug
    20. Wind
    21. ThugThug
    22. Wind
    23. Mex
    24. AggravatorAggravator
    25. GraverobberGraverobber
    26. Wind
    27. AggravatorAggravator
    28. Wind
    29. AggravatorAggravator
    30. Wind
    31. AggravatorAggravator
    32. Radar TowerRadar Tower
    33. Wind
    34. AggravatorAggravator
    35. Wind
    36. AggravatorAggravator
    37. Wind
    38. ThugThug
    39. Wind
    40. ThugThug
  3. 3

    5:00 to 10:00

    Economy
    • Metal Extractor1Mex
    • Wind Turbine17Wind
    Builders
    • Construction Turret2 Con turret
    • Graverobber2 Graverobber
    • Construction Bot1 Con bot
    Army
    • Guard1 Guard
    • Grunt8 Grunt
    • Thug4 Thug
    • Aggravator1 Aggravator

    Some games also: Radar Tower (43%) · energy storage (36%) · converter (36%) · Twin Guard (33%) · eat Bot Lab (37%)

    By 10:00 in all: 7 mex · 24 wind · 3 con turret

    The example game in this phase · 92 steps
    1. GuardGuard
    2. Wind
    3. ThugThug
    4. Wind ×2
    5. ThugThug
    6. Wind
    7. ThugThug
    8. Wind
    9. GruntGrunt
    10. Wind
    11. GruntGrunt
    12. Wind
    13. GruntGrunt
    14. Wind
    15. GruntGrunt
    16. Wind
    17. GruntGrunt
    18. Wind ×2
    19. ThugThug
    20. Wind
    21. ThugThug
    22. Wind
    23. ThugThug
    24. Wind
    25. ThugThug
    26. Construction BotCon bot
    27. Wind
    28. ThugThug
    29. Wind
    30. ThugThug
    31. Con turret
    32. Wind
    33. ThugThug
    34. Wind ×2
    35. ThugThug
    36. Wind
    37. Radar TowerRadar Tower
    38. Wind
    39. ThugThug
    40. Wind
    41. Radar TowerRadar Tower
    42. Wind
    43. GraverobberGraverobber
    44. Wind
    45. Mex
    46. GraverobberGraverobber
    47. Wind
    48. ThugThug
    49. Wind
    50. ThugThug
    51. Mex
    52. Wind
    53. AggravatorAggravator ×2
    54. Wind
    55. ThugThug
    56. Wind
    57. AggravatorAggravator
    58. Con turret
    59. ThugThug
    60. Wind
    61. AggravatorAggravator
    62. ThugThug ×2
    63. Wind ×2
    64. ThugThug
    65. Wind
    66. Twin GuardTwin Guard
    67. ThugThug
    68. Wind
    69. ThugThug
    70. Wind
    71. Construction BotCon bot
    72. Wind
    73. GraverobberGraverobber
    74. Wind
    75. GruntGrunt
    76. Con turret
    77. Wind
    78. GruntGrunt
    79. Wind
    80. GruntGrunt
    81. Wind
    82. Con turret
    83. GruntGrunt
    84. Wind
    85. GruntGrunt ×6
    86. Con turret
    87. GruntGrunt
    88. Advanced Metal ExtractorT2 mexnot finished by 15:00
    89. Con turret
    90. GruntGrunt
    91. WardenWarden
    92. CastroCastro

Counts are medians over the build's games: half of them build more, half fewer. The example game is omga's (31 OS, 16/09/2026); pick another.

Team trades

IN AT LEAST 30% OF ITS GAMES

You hand over

Nothing regular.

You get

  • Tidal Generator4 Tidal from Pondfirst at 0:17 · in 65% of games
  • Advanced Construction Bot1 T2 con bot from Geo or Techfirst at 7:46 · in 62% of games

How it plays out

Typical game of this build, running totals by minute

Metal produced

010k20k30k
0:005:0010:0015:00

metal

Enemy metal destroyed

02.5k5k7.5k
0:005:0010:0015:00

metal

Own metal lost

05k10k
0:005:0010:0015:00

metal

467 games.

Show as table
ByMetal produced: This buildEnemy metal destroyed: This buildOwn metal lost: This build
1:0033100
2:0085600
3:00162810286
4:002710390344
5:003850920840
6:00510815871557
7:00638923652476
8:00773231243394
9:00915338324309
10:001080045375079
11:001265852035989
12:001454156816934
13:001681562017643
14:001900866498561
15:002063772469322
WHAT THE NUMBERS SAY

Standard front play wins less than half its games, with losses slightly outpacing kills through the first 15 minutes.

  • + Kills reach 7200 by 15:00 despite the safer starting position.
  • + T2 constructor reached in 85% of games, solid tech follow-through.
  • − Team wins under half of games (45%), the weakest shown here.
  • − Own metal lost (9484) exceeds enemy metal destroyed (7200) by 15:00.
THE EXAMPLE YOU ARE READING

omga

31.4 OS · 16/09/2026

Open source match ↗

6 received units · includes a constructor
176 metal received · 5975 energy received

Allied construction assistance is unknown. Timings are observations, not a promise of solo reproducibility.

Typical milestones

Bot Lab0:40Middle 50%: 0:34–0:46 · n=454
Advanced Metal Extractor9:23Middle 50%: 8:19–10:45 · n=343

Played most by

iLike2Eco31games of this buildTheGeneraI27games of this buildSauceDispenser27games of this buildwatermeloans19games of this buildEl_Turco15games of this build